 Dungeon Crawl Stone Soup version 0.30-a0-365-ge7f957f1db (webtiles) character file.

Game seed: 13613942898361364796

487 qeuew the Chopper (level 6, -5/48 HPs)
             Began as a Demonspawn Chaos Knight on Nov 17, 2022.
             Was a Plaything of Xom.
             Slain by Pikel
             ... wielding a +2 whip of flaming
              (9 damage)
             ... on level 5 of the Dungeon.
             The game lasted 00:04:21 (2984 turns).

qeuew the Chopper (Demonspawn Chaos Knight)         Turns: 2984, Time: 00:04:24

Health: -5/48      AC:  5    Str: 13    XL:     6   Next: 89%
Magic:  6/6        EV: 11    Int: 13    God:    Xom [..*...]
Gold:   166        SH:  0    Dex: 14    Spells: 5/5 levels left

rFire   . . .      SeeInvis .    a - +0 hand axe (chaos)
rCold   . . .      Faith    .    (no shield)
rNeg    . . .      Spirit   .    e - +0 ring mail
rPois   .          Reflect  .    (no helmet)
rElec   .          Harm     .    (no cloak)
rCorr   .          Rampage  .    (no gloves)
Will    .....                    (no boots)
Stlth   +.........               (no amulet)
HPRegen 0.28/turn                (no ring)
MPRegen 0.10/turn                (no ring)

@: no status effects
A: hooves 2, spiny 1
a: Renounce Religion


You were on level 5 of the Dungeon.
You worshipped Xom.
You were a toy of Xom.
You visited 1 branch of the dungeon, and saw 5 of its levels.

You collected 166 gold pieces.

Inventory:

Hand Weapons
 a - a +0 hand axe of chaos (weapon)
Armour
 e - a +0 ring mail (worn)
Wands
 j - a wand of paralysis (2)
 k - a wand of flame (12)
 l - a wand of iceblast (6)
Scrolls
 d - 2 scrolls of magic mapping
 f - 6 scrolls of enchant weapon
 g - a scroll of teleportation
 h - 3 scrolls of fear
 n - a scroll of identify
Potions
 b - a potion of brilliance
 i - a potion of magic
 m - a potion of attraction {unknown}
 o - a potion of heal wounds {unknown}
Miscellaneous
 c - a piece from Xom's chessboard (14/15) (quivered)


   Skills:
 + Level 4.0 Fighting
 * Level 4.7 Axes
 + Level 3.1 Armour
 + Level 2.7 Dodging
 + Level 2.5 Evocations


You had 5 spell levels left.
You didn't know any spells.
Your spell library contained the following spells:

 Spells                   Type           Power      Damage    Failure   Level
 Apportation              Tloc           0%         N/A       54%         1
 Foxfire                  Conj/Fire      0%         2x1d4     54%         1
 Kiss of Death            Conj/Necr      0%         2d5       54%         1
 Necrotise                Necr           0%         1d4       54%         1
 Summon Small Mammal      Summ           0%         N/A       54%         1
 Scorch                   Fire           0%         2d5       67%         2
 Call Canine Familiar     Summ           0%         N/A       88%         3
 Confusing Touch          Hex            0%         N/A       88%         3
 Inner Flame              Hex/Fire       0%         N/A       88%         3
 Summon Guardian Golem    Hex/Summ       0%         N/A       88%         3
 Dispel Undead            Necr           0%         3d6       99%         4
 Flame Wave               Conj/Fire      0%         2d4       99%         4
 Sticky Flame             Conj/Fire      0%         2d3       99%         4
 Fireball                 Conj/Fire      0%         3d3       100%        5
 Starburst                Conj/Fire      0%         6d3       100%        6
 Summon Cactus Giant      Summ           0%         N/A       100%        6


Dungeon Overview and Level Annotations

Branches:
Dungeon (5/15)             Temple (0/1) D:4

Altars:

Annotations:
D:5 Pikel


Innate Abilities, Weirdness & Mutations

You have hoof-like feet.
You are partially covered in sharp spines.


Message History

Pikel is struck by your spines. Pikel closely misses you.
You hit Pikel.
Pikel is poisoned.
Pikel is lightly wounded.
Pikel barely misses you.
You hit Pikel.
Pikel easily resists.
Pikel is lightly wounded.
Pikel hits you with a +2 whip of flaming.
Pikel burns you.
You hit Pikel. You burn Pikel. You kick Pikel.
Pikel is moderately wounded.
Pikel hits you but does no damage. Pikel is struck by your spines.
Pikel hits you with a +2 whip of flaming!
Pikel burns you.
You are too injured to fight recklessly!
Pikel is nearby!
You are too injured to fight recklessly!
You hit Pikel. You freeze Pikel.
Pikel is heavily wounded.
Pikel is struck by your spines.
Pikel hits you with a +2 whip of flaming.
Pikel burns you.
* * * LOW HITPOINT WARNING * * *
Unknown command.
You hit Pikel but do no damage. You drain Pikel. Your kick misses Pikel.
Pikel is heavily wounded.
Pikel closely misses you.
Unknown command.
You hit Pikel. Your kick misses Pikel.
Pikel is severely wounded.
Pikel hits you with a +2 whip of flaming!
* * * LOW HITPOINT WARNING * * *
Pikel burns you.
* * * LOW HITPOINT WARNING * * *
Okay, then.
Non-targeted evoke: piece from Xom's chessboard (15/15)
Press: ? - help, Q - select action, (/) - cycle Dir - look around, f - activate You make a move on Xom's chessboard...
Pikel seems to grow stronger.
Pikel hits you with a +2 whip of flaming!
You die...
Xom howls with laughter!

#.# # #.# #.# #.#
#.# #.. #.# .##
#####.######## )
.............# #
.####..####..# ##
.......#
#..######...##
.#####.#
#.....@K...... .#
#.####.#######...#.
.# #...##.# ## .#
###.##.# .###
#.##.#
...#####.##.#
##....##.##.#
≈#..........## #
~#.##........###.#


You could see Pikel (strong, poisoned, drained).

Vanquished Creatures
  A black bear (D:5)
  A centaur (D:4)
  3 hounds
  An orc wizard (D:5)
  Ijyb (D:4)
  5 adders
  A white imp (D:5)
  An ufetubus (D:4)
  2 worms (D:4)
  A dart slug (D:2)
  4 orcs
  8 ball pythons
  9 bats
  6 endoplasms
  3 giant cockroaches
  6 goblins
  8 hobgoblins
  6 kobolds
  A quokka (D:2)
  6 frilled lizards
  8 rats
82 creatures vanquished.

Vanquished Creatures (others)
  An orc priest (D:5)
1 creature vanquished.

Grand Total: 83 creatures vanquished

Notes
Turn   | Place    | Note
-------+----------+-------------------------------------------
     0 | D:1      | qeuew the Demonspawn Chaos Knight began the quest for the
                  | Orb.
     0 | D:1      | Reached XP level 1. HP: 18/18 MP: 1/1
    24 | D:1      | Reached skill level 1 in Dodging
   126 | D:1      | Gained mutation: You are partially covered in sharp spines.
                  | [demonic ancestry]
   126 | D:1      | Reached XP level 2. HP: 23/24 MP: 2/2
   729 | D:2      | Gained mutation: You have large cloven feet. [demonic
                  | ancestry]
   729 | D:2      | Reached XP level 3. HP: 29/29 MP: 3/3
   880 | D:2      | XOM: silly message
  1233 | D:3      | XOM: noise
  1245 | D:3      | Reached skill level 1 in Evocations
  1279 | D:3      | XOM: divination: detect creatures
  1327 | D:3      | Identified the +8 dagger of Temperance {protect, Drain
                  | rElec rC++ Str+2}
  1478 | D:3      | XOM: divination: detect items
  1482 | D:3      | XOM: silly message
  1534 | D:3      | XOM: silly message
  1637 | D:3      | XOM: silly message
  1674 | D:4      | Gained mutation: You have hoof-like feet. [demonic
                  | ancestry]
  1674 | D:4      | Reached XP level 4. HP: 31/35 MP: 4/4
  1841 | D:4      | Found a staircase to the Ecumenical Temple.
  1841 | D:4      | Noticed Ijyb
  1841 | D:4      | Paralysed by Ijyb for 3 turns
  1849 | D:4      | Paralysed by Ijyb for 4 turns
  1854 | D:4      | Paralysed by Ijyb for 2 turns
  1858 | D:4      | Killed Ijyb
  1950 | D:4      | XOM: cloud trail
  2162 | D:4      | Reached XP level 5. HP: 39/41 MP: 5/5
  2269 | D:4      | Noticed a centaur
  2279 | D:4      | Killed a centaur
  2661 | D:5      | Entered Level 5 of the Dungeon
  2671 | D:5      | Reached XP level 6. HP: 25/48 MP: 6/6
  2727 | D:5      | XOM: silly message
  2793 | D:5      | XOM: 1-stop teleportation journey
  2969 | D:5      | Noticed Pikel
  2984 | D:5      | Slain by Pikel

Illustrated notes

Levels and vault maps discovered:
D:1:      minmay_arrival_checkered_box, layout_rooms
D:2:      layout_basic
D:3:      layout_rooms
D:4:      layout_cave_pods, minmay_temple_entry_stoned_glass,
          supply_closet_lemuel, uniq_ijyb
D:5:      layout_loops_ring, serial_rivers, chequers_serial_rivers_micro_e,
          chequers_serial_rivers_large_a, chequers_serial_rivers_micro_e,
          chequers_serial_rivers_room_b, chequers_serial_rivers_small_a,
          chequers_serial_rivers_micro_c, uniq_pikel

Skill      XL: |  1  2  3  4  5  6 |
---------------+-------------------+-----
Dodging        | 1 2 |  2.7
Armour         | 2 3 |  3.1
Axes           | 3 4 |  4.7
Evocations     | 1 2 |  2.5
Fighting       | 4 |  4.0

Action                   |  1- 3 |  4- 6 || total
-------------------------+-------+-------++-------
Melee: Hand axe          |   101 |    88 ||   189
       Kick              |    13 |    21 ||    34
       Punch             |       |     2 ||     2
Evoke: Piece from Xom's  |       |     1 ||     1
  Use: Scroll            |    10 |     2 ||    12
       Potion            |     3 |       ||     3
Armor: Ring mail         |    37 |    39 ||    76
       Leather armour    |     3 |       ||     3
Dodge: Dodged            |    50 |    62 ||   112

Table legend: (Time is in decaauts)
 A = Elapsed time spent in this place.
 B = Non-inter-level travel time spent in this place.
 C = Inter-level travel time spent in this place.
 D = Time resting spent in this place.
 E = Time spent auto-exploring this place.
 F = Levels seen in this place.
 G = Mean time per level.
                   A        B        C        D        E       F      G
               +--------+--------+--------+--------+--------+-----+--------+
         Total |   3023 |   2920 |    103 |     25 |   2336 |   5 |  604.6 |
       Dungeon |   3023 |   2920 |    103 |     25 |   2336 |   5 |  604.6 |
               +--------+--------+--------+--------+--------+-----+--------+

Top non-repeatable levels by time:
     D:4: 1013 daAuts
     D:2: 639 daAuts
     D:1: 602 daAuts
     D:3: 439 daAuts
     D:5: 328 daAuts
